 Dungeon Crawl Stone Soup version 0.27.0-1-g7a089689b8 (webtiles) character file.

Game seed: 12520555306899159773

55 sanka the Sneak (level 4, -1/29 HPs)
             Began as a Kobold Delver on Aug 4, 2021.
             Succumbed to a scorpion's poison
             ... on level 3 of the Dungeon.
             The game lasted 00:04:10 (2790 turns).

sanka the Sneak (Kobold Delver)                     Turns: 2790, Time: 00:04:11

Health: -1/29      AC:  3    Str:  9    XL:     4   Next: 14%
Magic:  4/4        EV: 14    Int: 12    God:
Gold:   16         SH:  0    Dex: 16    Spells: 3/3 levels left

rFire    . . .     SeeInvis .     - Unarmed
rCold    . . .     Faith    .   (shield restricted)
rNeg     . . .     Spirit   .   a - +0 leather armour
rPois    .         Reflect  .   (no helmet)
rElec    .         Harm     .   (no cloak)
rCorr    .         Rampage  .   (no gloves)
Will     .....                  (no boots)
Stlth    ++++......             (no amulet)
HPRegen  0.09/turn              (no ring)
MPRegen  0.09/turn              (no ring)

@: lethally poisoned (-1 -> -14), hasted, very quick
A: small, no large weapons, nightstalker 3
a: no special abilities


You were on level 3 of the Dungeon.
You visited 1 branch of the dungeon, and saw 4 of its levels.

You collected 16 gold pieces.


Innate Abilities, Weirdness & Mutations

You are small and have problems with some larger weapons.
You are completely attuned to the shadows.


   Skills:
 - Level 4.0 Fighting
 - Level 2.4 Dodging
 - Level 7.0 Stealth
 + Level 3.2 Unarmed Combat


You had 3 spell levels left.
You didn't know any spells.
Your spell library was empty.

Inventory:

Armour
 a - a +0 leather armour (worn)
Wands
 f - a wand of digging (3)
Scrolls
 b - a scroll of fog
 c - a scroll of magic mapping
 d - a scroll of fear
 h - a scroll of identify {unknown}
 i - a scroll of immolation {unknown}
 j - a scroll of amnesia {unknown}
 l - 3 scrolls of enchant armour {unknown}
Potions
 k - a potion of heal wounds {unknown}

Dungeon Overview and Level Annotations

Branches:
Dungeon (5/15)
 Temple: D:4-7

Altars:

Shops:
D:2 !

Annotations:
D:2 Robin
D:3 exclusion: adder
D:4 1 runed translucent door, exclusion: kobold brigand, Crazy Yiuf
D:5 Blork the orc

..▒ ▒▒......▒ ▒▒.▒.▒.▒▒
..▒ .....S..▒ ▒▒.▒.▒.▒.▒▒
.▒▒▒▒▒▒▒▒▒▒▒▒..▒.▒
▒▒.▒.▒▒▒.▒.▒▒
......<...........
▒▒.▒.▒▒ ▒▒.▒.▒
..▒▒▒▒▒▒▒▒.▒......▒▒.▒.▒▒
▒▒{▒.
..........[......▒▒.▒.▒▒
▒▒.▒
.....▒▒▒▒..▒.b▒.▒▒.▒.▒▒
▒▒o .....▒ ▒..▒..▒▒▒.▒.▒▒
▒▒ .....▒ ▒..▒..▒▒K▒.▒▒
..▒.▒▒. .....▒
▒..▒...s▒.▒▒ ▒▒ )▒s▒▒o▒
.....▒▒▒▒........▒▒
▒▒.▒:.▒▒.▒.
........).....▒.▒▒
▒▒.▒o(▒▒s▒.▒
▒▒▒▒▒▒▒▒▒▒.▒▒▒▒▒▒
▒.▒.£▒▒.▒.▒▒
................▒▒
▒.▒.▒.▒.▒▒
▒.▒▒▒▒▒▒▒........▒
▒▒.▒.▒.▒▒
...........▒▒▒▒..▒
▒▒.▒.▒▒
▒▒▒.▒▒▒▒▒.▒▒▒▒▒..▒ ▒▒†▒▒


You could see a scorpion.


Message History

The bat hits you. The scorpion stings you.
* * * LOW HITPOINT WARNING * * *
You are lethally poisoned!
The scorpion poisons you!
You hit the scorpion.
The scorpion is moderately wounded.
* * * LOW HITPOINT WARNING * * *
You feel very sick. The bat barely misses you.
The bat hits you but does no damage.
You closely miss the scorpion.
The scorpion is moderately wounded.
* * * LOW HITPOINT WARNING * * *
You feel very sick. The scorpion stings you.
* * * LOW HITPOINT WARNING * * *
The bat misses you.
Unknown command.
You barely miss the scorpion.
The scorpion is moderately wounded.
* * * LOW HITPOINT WARNING * * *
You feel sick. The bat barely misses you. The scorpion stings you.
* * * LOW HITPOINT WARNING * * *
Unknown command.
You closely miss the scorpion.
The scorpion is moderately wounded.
You die...

Action                   |  1- 3 |  4- 6 || total
-------------------------+-------+-------++-------
Melee: Unarmed           |   173 |    47 ||   220
       Punch             |     2 |     1 ||     3
  Use: Potion            |     1 |     2 ||     3
 Stab: Sleeping          |    16 |       ||    16
Armor: Leather armour    |    25 |    23 ||    48
Dodge: Dodged            |   103 |    56 ||   159

Levels and vault maps discovered:
D:2:      layout_rooms, serial_shops, nicolae_shop_stone, uniq_robin
D:3:      minmay_inner_zag, layout_basic, zin_angel
D:4:      layout_basic, uniq_crazy_yiuf_cottage
D:5:      layout_cave_pools, serial_undead, serial_undead_b, serial_undead_f,
          serial_undead_b, serial_undead_f, serial_undead_a, enter_ossuary_4,
          uniq_blork_the_orc

Notes
Turn   | Place    | Note
-------+----------+-------------------------------------------
     0 | D:5      | sanka the Kobold Delver began the quest for the Orb.
     0 | D:5      | Reached XP level 1. HP: 14/14 MP: 1/1
     4 | D:5      | Noticed Blork the orc
   347 | D:4      | Reached XP level 2. HP: 11/19 MP: 2/2
   787 | D:4      | Noticed a kobold brigand
   943 | D:4      | Found a runed translucent door.
   946 | D:4      | Noticed Crazy Yiuf
   960 | D:4      | Noticed a black bear
  1047 | D:3      | Reached skill level 7 in Stealth
  1152 | D:3      | Reached skill level 4 in Fighting
  1364 | D:3      | HP: 2/20 [orc (6)]
  1377 | D:3      | Reached XP level 3. HP: 14/24 MP: 3/3
  1686 | D:3      | Noticed a scorpion
  2212 | D:2      | Found Wuav's Distillery.
  2473 | D:2      | Reached skill level 3 in Unarmed Combat
  2474 | D:2      | Reached XP level 4. HP: 24/29 MP: 4/4
  2520 | D:2      | Noticed Robin
  2528 | D:2      | HP: 1/29 [goblin[Robin] (5)]
  2789 | D:3      | HP: 2/29 [poisoned by a scorpion]
  2790 | D:3      | Succumbed to a scorpion's poison

Vanquished Creatures
  2 adders (D:2)
  An adder skeleton (D:4)
  3 orcs (D:3)
  A bat (D:2)
  2 endoplasms
  A giant cockroach (D:3)
  6 goblins
  3 hobgoblins (D:3)
  2 jackals (D:4)
  A quokka (D:3)
  4 ball pythons
  2 frilled lizards
  A rat (D:3)
29 creatures vanquished.

Vanquished Creatures (others)
  A fungus (D:4)
1 creature vanquished.

Grand Total: 30 creatures vanquished
